 Dungeon Crawl Stone Soup version 0.21.1-1-g345015f (webtiles) character file.

133 diana the Sneak (level 4, 0/33 HPs)
             Began as a Vampire Assassin on June 2, 2018.
             Slain by an orc
             ... wielding a cursed +0 flail
              (3 damage)
             ... on level 2 of the Dungeon.
             The game lasted 00:04:01 (2659 turns).

diana the Sneak (Vampire Assassin)                  Turns: 2659, Time: 00:04:01

Health: 0/33       AC:  3    Str: 10    XL:     4   Next: 94%
Magic:  4/4        EV: 12    Int: 13    God:
Gold:   113        SH:  0    Dex: 16    Spells: 3/3 levels left

rFire    x . .     SeeInvis +   a - +2 dagger
rCold    + + .     Gourm    .   (no shield)
rNeg     + + .     Faith    .   c - +0 robe
rPois    +         Spirit   .   (no helmet)
rElec    .         Reflect  .   d - +0 cloak
rCorr    .         Harm     .   (no gloves)
MR       .....                  (no boots)
Stlth    +++++.....             (no amulet)
HPRegen  0.05/turn              l - ring of ice
MPRegen  0.09/turn              (no ring)

@: regenerating slowly
A: fangs 3, see invisible, unbreathing
a: Bat Form


You were on level 2 of the Dungeon.
You were very thirsty.

You visited 1 branch of the dungeon, and saw 3 of its levels.

You collected 113 gold pieces.

Inventory:

Hand Weapons
 a - a +2 dagger (weapon)
 b - a +0 blowgun
 q - a cursed -2 dagger
Missiles
 e - 13 poisoned needles
 f - 2 curare-tipped needles
 j - a throwing net (quivered)
Armour
 c - a +0 robe (worn)
 d - a +0 cloak (worn)
Jewellery
 l - a ring of ice (left hand)
Scrolls
 h - 6 scrolls of identify {unknown}
 i - 5 scrolls of remove curse {unknown}
 k - 5 scrolls of fog {unknown}
 m - a scroll of enchant weapon {unknown}
Potions
 g - a potion of blood
 n - a potion of invisibility {unknown}
 p - 2 potions of curing {unknown}
Books
 o - a book of Cantrips

   Spells                             Type                      Level
   a - Confusing Touch                Hexes                        1
   b - Animate Skeleton               Necromancy                   1
   c - Summon Small Mammal            Summoning                    1
   d - Apportation                    Translocation                1
 r - a book of Misfortune

   Spells                             Type                      Level
   a - Confusing Touch                Hexes                        1
   b - Confuse                        Hexes                        3
   c - Gell's Gravitas                Translocation                3
   d - Petrify                        Transmutation/Earth          4
   e - Metabolic Englaciation         Hexes/Ice                    5
   f - Yara's Violent Unravelling     Hexes/Transmutation          5


   Skills:
 - Level 1.7 Fighting
 + Level 4.3 Short Blades
 - Level 1.5 Throwing
 - Level 1.1 Dodging
 + Level 7.9 Stealth


You had 3 spell levels left.
You didn't know any spells.

Dungeon Overview and Level Annotations

Branches:
Dungeon (3/15)

Altars:


Innate Abilities, Weirdness & Mutations

You heal slowly.
You have razor-sharp teeth.
You have supernaturally acute eyesight. (SInv)
You can survive without breathing.


Message History

You hit the orc but do no damage.
The orc is lightly wounded.
The orc hits you but does no damage.
You barely miss the orc.
The orc is lightly wounded.
The orc hits you with a flail.
* * * LOW HITPOINT WARNING * * *
You completely miss the orc. You bite the orc, but do no damage.
The orc is lightly wounded.
There is a stone staircase leading up here.
The orc closely misses you.
You climb upwards.
There is a stone staircase leading down here.
There's nothing here to drain!
Yummy - fresh blood!
You are feeling very thirsty.
You hit the orc but do no damage.
The orc is lightly wounded.
The orc hits you with a flail.
You die...

#..#....#.#####.### #
#............##.### #
#####...#.##....... ########
###...##.##.###
##.....################.......#
...###.<...........# ###...###
#### #######.###.#.# #...# #
#.###.#.# #..%# #
##########(##.@#.# #...# #
#............o##.# #..(####
###...>..........#.######..)##.##
.#.#.#...........................
.................................
.#.#.#............#..............
.<........####...########...##.##
.#.#.#............# #...####
......######..#.#.# #.#.#


You could see an orc.

Vanquished Creatures
  Crazy Yiuf (D:2)
  Terence (D:2)
  An ooze (D:3)
  3 worms (D:2)
  6 dart slugs
  A leopard gecko (D:2)
  A ball python (D:1)
  10 bats
  5 giant cockroaches
  5 goblins
  4 hobgoblins
  6 kobolds
  2 frilled lizards (D:1)
  7 rats
  A fungus (D:2)
54 creatures vanquished.

Notes
Turn   | Place    | Note
-------+----------+-------------------------------------------
     0 | D:1      | diana the Vampire Assassin began the quest for the Orb.
     0 | D:1      | Reached XP level 1. HP: 16/16 MP: 1/1
   147 | D:1      | Reached skill level 6 in Stealth
   192 | D:1      | Reached XP level 2. HP: 14/22 MP: 2/2
   715 | D:1      | Reached XP level 3. HP: 27/27 MP: 3/3
  1150 | D:2      | Reached skill level 7 in Stealth
  1349 | D:2      | Reached XP level 4. HP: 33/33 MP: 4/4
  1394 | D:2      | Noticed Terence
  1398 | D:2      | Killed Terence
  1745 | D:2      | Found a runed door.
  1749 | D:2      | Noticed Crazy Yiuf
  1753 | D:2      | Killed Crazy Yiuf
  2659 | D:2      | Slain by an orc

Skill      XL: |  1  2  3  4 |
---------------+-------------+-----
Stealth        | 6 7 |  7.9
Short Blades   | 3 4 |  4.3
Fighting       | |  1.7
Throwing       | |  1.5
Dodging        | |  1.1

Action                   |  1- 3 |  4- 6 || total
-------------------------+-------+-------++-------
Melee: Dagger            |    96 |    46 ||   142
       Bite              |     9 |     5 ||    14
  Use: Potion            |       |     1 ||     1
 Stab: Sleeping          |    17 |     5 ||    22
Armor: Robe              |    10 |     4 ||    14
Dodge: Dodged            |    38 |    12 ||    50
